 Dungeon Crawl Stone Soup version 0.31-a0-986-g5e6e4ef867 (webtiles) character file.

Game seed: 13643321292491357715

7623 avis the Mimic (level 10, -1/45 HPs)
             Began as a Felid Shapeshifter on Nov 19, 2023.
             Was an Initiate of Gozag.
             Slain by a four-headed hydra (10 damage)
             ... on level 9 of the Dungeon.
             The game lasted 00:45:15 (9754 turns).

avis the Mimic (Felid Shapeshifter)                 Turns: 9754, Time: 00:45:16

Health: -1/45      AC:  2    Str: 10    XL:     10   Next: 98%
Magic:  11/11      EV: 27    Int: 12    God:    Gozag
Gold:   778        SH:  0    Dex: 20    Spells: 9/9 levels left
                                        Lives:  0   Deaths: 4

rFire   . .          .
                       - Unarmed
rCold   . . .        (shield unavailable)
rNeg    . . .        (body armour unavailable)
rPois   +            (helmet unavailable)
rElec   .            (cloak unavailable)
rCorr   .            (gloves unavailable)
SInv    +            (boots unavailable)
Will    +....        k - amulet of magic regeneration
Stlth   +            y - ring of poison resistance
HPRegen 0.27/turn    (no ring)
MPRegen 0.52/turn

%: no passive effects
@: flux-form, gold aura, hasted, glowing, very quick
A: glow, contaminating, very small, claws 1, fangs 3, see invisible, speed 1,
shaggy fur 2, stealthy paws, no weapons or thrown items, no armour, multi-lived
a: Begin Untransformation, Renounce Religion, Potion Petition, Call Merchant,
Bribe Branch


You were on level 9 of the Dungeon.
You worshipped Gozag.
Gozag was pleased with you.
You were something dangerously unstable.
You visited 2 branches of the dungeon, and saw 10 of its levels.
You also visited: Sewer.

You collected 914 gold pieces.
You paid 136 gold pieces to Gozag.

Inventory:

Jewellery
 k - an amulet of magic regeneration (around neck)
 r - an amulet of the acrobat
 y - a ring of poison resistance (left paw)
 A - a ring of fire
Talismans
 b - a beast talisman
 f - a flux talisman (active)
Wands
 u - a wand of polymorph (14)
 v - a wand of quicksilver (3)
Scrolls
 i - 2 scrolls of torment {unknown}
 j - a scroll of amnesia {unknown}
 m - 3 scrolls of immolation {unknown}
 n - 2 scrolls of fear {unknown}
 p - a scroll of noise {unknown}
 s - a scroll of fog {unknown}
 t - 4 scrolls of teleportation {unknown}
 w - a scroll of poison {unknown}
 x - a scroll of brand weapon {unknown}
 z - a scroll of vulnerability {unknown}
 C - 3 scrolls of silence {unknown}
 D - a scroll of identify
 E - a scroll of enchant weapon {unknown}
 G - a scroll of blinking {unknown}
Potions
 a - 2 potions of haste
 c - a potion of ambrosia {unknown}
 d - 3 potions of heal wounds {unknown}
 e - 2 potions of enlightenment {unknown}
 g - 2 potions of brilliance {unknown}
 h - 3 potions of degeneration {unknown}
 l - 2 potions of attraction {unknown}
 o - 3 potions of might {unknown}
 q - 2 potions of resistance {unknown}
 B - a potion of curing {unknown}
 F - a potion of magic {unknown}


   Skills:
 - Level 6.0 Fighting
 - Level 12.0 Dodging
 * Level 4.6 Unarmed Combat
 - Level 13.0 Shapeshifting


You had 9 spell levels left.
You didn't know any spells.
Your spell library contained the following spells:

 Spells                   Type           Power      Damage    Failure   Level
 Foxfire                  Conj/Fire      0%         2x1d4     32%         1
 Magic Dart               Conj           0%         1d3       32%         1
 Necrotise                Necr           0%         1d4       32%         1
 Slow                     Hex            0%         N/A       32%         1
 Ensorcelled Hibernation  Hex/Ice        0%         N/A       45%         2
 Passwall                 Tmut/Erth      0%         N/A       45%         2
 Searing Ray              Conj           0%         2d4       45%         2
 Frozen Ramparts          Ice            0%         1d1       69%         3
 Inner Flame              Hex/Fire       0%         N/A       69%         3
 Swiftness                Air            0%         N/A       69%         3
 Fulminant Prism          Conj/Hex       0%         3d5       97%         4
 Petrify                  Tmut/Erth      0%         N/A       97%         4
 Metabolic Englaciation   Hex/Ice        0%         N/A       100%        5
 Yara's Violent Unravell  Hex/Tmut       0%         3d3       100%        5
 Conjure Ball Lightning   Conj/Air       0%         3x3d6     100%        6
 Enfeeble                 Hex            0%         N/A       100%        7
 Discord                  Hex            0%         N/A       100%        8
 Disjunction              Tloc           0%         N/A       100%        8


Dungeon Overview and Level Annotations

Branches:
Dungeon (9/15)             Temple (1/1) D:6           Sewer (visited)
   Lair: D:8-11         Orc: D:9-12

Altars:
Ashenzari
Cheibriados
Dithmenos
Elyvilon
Fedhas
Gozag
Hepliaklqana
Kikubaaqudgha
Makhleb
Nemelex Xobeh
Okawaru
Qazlal
Ru
Sif Muna
Trog
Uskayaw
Vehumet
Wu Jian
Xom
Yredelemnul
Zin
The Shining One

Shops:
D:8 (

Annotations:
D:2 1 runed translucent door; ogre, exclusion: door
D:5 1 runed translucent door, pigah's ghost, novice OpSh
D:8 2 transporters, sammy202020's ghost, novice VSSh


Innate Abilities, Weirdness & Mutations

You are something dangerously unstable.
You glow with magical radiation, making you easy to see and hit.
Foes you strike become dangerously contaminated with magical radiation.
You have sharp claws.
You have razor-sharp teeth.
You have supernaturally acute eyesight. (SInv)
You cover ground quickly. (Speed+)
You are covered in thick fur. (AC +2)
Your paws help you pounce on unaware monsters.
You are incapable of wielding weapons or throwing items.
You cannot wear armour.
You gain extra lives every three experience levels.


Message History

The centaur warrior is severely wounded.
The centaur warrior completely misses you. x2
A deep elf pyromancer comes into view.
It is wielding a +1 falchion of freezing.
The centaur warrior hits you.
* * * LOW HITPOINT WARNING * * *
The centaur warrior closely misses you.
You scratch the centaur warrior.
The centaur warrior glows dangerously bright.
The centaur warrior is severely wounded.
The centaur warrior closely misses you.
The centaur warrior kicks you but does no damage.
The deep elf pyromancer gestures wildly while chanting.
You scratch the centaur warrior.
The centaur warrior shudders as magic cascades through it.
The centaur warrior twists and deforms.
The centaur warrior is almost dead.
The centaur warrior completely misses you.
The centaur warrior barely misses you.
The deep elf pyromancer casts a spell.
The deep elf pyromancer blinks!
An efreet comes into view.
It is wielding a +2 great sword of flaming.
You scratch the centaur warrior.
The centaur warrior begins to glow.
The centaur warrior is almost dead.
The centaur warrior barely misses you.
The centaur warrior completely misses you.
The centaur warrior closely misses you. The centaur warrior barely misses you.
You scratch the centaur warrior.
You kill the centaur warrior!
Your Unarmed Combat skill increases to level 4!
You feel yourself speed up.
You scratch the four-headed hydra.
The four-headed hydra begins to glow.
The four-headed hydra is moderately wounded.
You scratch the four-headed hydra but do no damage.
The four-headed hydra glows dangerously bright.
You bite the four-headed hydra.
The four-headed hydra is moderately wounded.
The centaur warrior is distracted by your dazzling golden aura.
The four-headed hydra bites you!
You die...
Your body crumbles into a pile of gold.

# .# ○° W#.#
##cT. ##D.#
##p# #.###
#.##.####
##.#.#..##
#.##.##.#
##..#.#.#####
####.##.##.##
###.##..###+#
.##
###.##.[......


You could see a four-headed hydra (heavy contam), a centaur warrior (unaware), a
troll (contam, misshapen) and a wraith.

Vanquished Creatures
  3 two-headed ogres
  A centaur warrior (D:9)
  4 gargoyles (D:8)
  Sigmund (D:2)
  A wraith (D:7)
  A wyvern (D:7)
  Menkaure (D:4)
  3 water moccasins
  3 orc warriors (D:7)
  2 ice beasts
  4 ogres
  2 black bears
  A kobold brigand (D:8)
  3 bullfrogs
  4 scorpions
  8 wights
  A killer bee (D:9)
  5 orc priests
  2 gnoll boudas (D:7)
  7 hounds
  A jelly (D:7)
  2 sleepcaps
  7 iguanas
  11 orc wizards
  10 gnolls
  5 adders
  A shadow imp (D:6)
  A white imp (D:6)
  4 ufetubi
  A worm (D:2)
  4 dart slugs
  36 orcs
  4 endoplasms
  5 giant cockroaches
  16 goblins
  4 hobgoblins
  9 jackals (D:2)
  6 quokkas
  8 ball pythons
  6 bats
  4 frilled lizards
  11 kobolds
  7 rats
220 creatures vanquished.

Notes
Turn   | Place    | Note
-------+----------+-------------------------------------------
     0 | D:1      | avis the Felid Shapeshifter began the quest for the Orb.
     0 | D:1      | Reached XP level 1. HP: 9/9 MP: 2/2
    82 | D:1      | Reached XP level 2. HP: 12/12 MP: 3/3
   354 | D:1      | Found a faded altar of an unknown god.
   530 | D:2      | Reached XP level 3. HP: 15/16 MP: 4/4
   569 | D:2      | Noticed Sigmund
   600 | D:2      | Found a runed translucent door.
   893 | D:2      | Reached skill level 5 in Dodging
   893 | D:2      | Reached XP level 4. HP: 18/19 MP: 5/5
   944 | D:2      | Killed Sigmund
   945 | D:2      | Reached skill level 5 in Shapeshifting
   945 | D:2      | Reached XP level 5. HP: 19/22 MP: 6/6
  1093 | D:3      | Identified the "Tofiyrr"
  1102 | D:3      | Gained mutation: You are covered in thick fur. (AC +2)
                  | [Felid growth]
  1102 | D:3      | Reached XP level 6. HP: 21/26 MP: 7/7
  1622 | D:3      | Noticed a water moccasin
  1742 | D:2      | Mangled by an ogre
  2067 | D:3      | Killed a water moccasin
  2068 | D:3      | Reached XP level 7. HP: 22/31 MP: 8/8
  2149 | D:3      | Reached skill level 6 in Shapeshifting
  2265 | D:3      | Found an ancient bone altar of Kikubaaqudgha.
  2488 | D:4      | Found a glowing drain.
  2493 | Sewer    | Entered a sewer
  2508 | Sewer    | Noticed Pargi
  3217 | D:4      | Reached skill level 7 in Shapeshifting
  3240 | D:4      | Noticed Menkaure
  3250 | D:4      | Killed Menkaure
  3618 | D:4      | Reached XP level 8. HP: 26/34 MP: 9/9
  3762 | D:5      | Entered Level 5 of the Dungeon
  3842 | D:4      | Slain by an ice beast
  4594 | D:5      | Reached skill level 8 in Shapeshifting
  4765 | D:5      | Noticed pigah's ghost (novice OpSh)
  4766 | D:5      | Found a runed translucent door.
  4923 | D:6      | Reached skill level 10 in Dodging
  4986 | D:6      | Found a staircase to the Ecumenical Temple.
  5017 | D:6      | Noticed a two-headed ogre
  5026 | Temple   | Entered the Ecumenical Temple
  5132 | D:6      | Mangled by a two-headed ogre
  5218 | D:6      | Reached XP level 9. HP: 37/37 MP: 10/10
  5592 | D:6      | Found a sacrificial altar of Ru.
  5592 | D:6      | Found an iron altar of Okawaru.
  5608 | D:6      | Found a burning altar of Makhleb.
  5610 | D:6      | Found a shimmering blue altar of Sif Muna.
  5611 | D:6      | Found a broken altar of Ashenzari.
  5778 | D:6      | Killed a two-headed ogre
  5779 | D:6      | Reached skill level 9 in Shapeshifting
  6189 | D:7      | Reached skill level 10 in Shapeshifting
  6285 | D:7      | Found a stormy altar of Qazlal.
  6289 | D:7      | Found a basalt altar of Yredelemnul.
  6293 | D:7      | Found a white marble altar of Elyvilon.
  6293 | D:7      | Found a bloodstained altar of Trog.
  6300 | D:7      | Found an opulent altar of Gozag.
  6304 | D:7      | Became a worshipper of Gozag Ym Sagoz the Greedy
  6366 | D:7      | Reached skill level 5 in Fighting
  7101 | D:7      | Reached XP level 10. HP: 17/44 MP: 11/11
  7527 | D:7      | Reached skill level 11 in Shapeshifting
  8715 | D:8      | Noticed a gargoyle
  8721 | D:8      | Slain by a gargoyle
  8741 | D:8      | Killed a gargoyle
  8874 | D:8      | Noticed a gargoyle
  8880 | D:8      | Killed a gargoyle
  8890 | D:8      | Noticed a gargoyle
  8894 | D:8      | Killed a gargoyle
  8996 | D:8      | Noticed a gargoyle
  8999 | D:8      | Killed a gargoyle
  9000 | D:8      | Reached skill level 12 in Shapeshifting
  9054 | D:8      | Found a transporter.
  9056 | D:8      | Found a transporter.
  9056 | D:8      | Noticed sammy202020's ghost (novice VSSh)
  9058 | D:8      | Identified the +5 great mace of Melee {heavy, Fragile rF+
                  | rCorr Str+2}
  9180 | D:8      | Noticed a two-headed ogre
  9191 | D:8      | Killed a two-headed ogre
  9303 | D:8      | Found Ypog's Antique Weapon Boutique.
  9608 | D:9      | Noticed a two-headed ogre
  9614 | D:9      | Killed a two-headed ogre
  9615 | D:9      | Reached skill level 13 in Shapeshifting
  9738 | D:9      | Noticed a centaur warrior
  9743 | D:9      | Noticed a centaur warrior
  9745 | D:9      | Noticed a four-headed hydra
  9747 | D:9      | Noticed a deep elf pyromancer
  9751 | D:9      | Killed a centaur warrior
  9754 | D:9      | Slain by a four-headed hydra

Illustrated notes

Levels and vault maps discovered:
D:1:      dpeg_arrival_rooms_a, layout_rooms, dreamdust_ecumenical_altar_grove,
          chequers_serial_rivers_micro_c
D:2:      layout_rooms, uniq_sigmund, uniq_crazy_yiuf_cottage
D:3:      layout_rooms, mainiacjoe_overflow_brackets
D:4:      minmay_inner_zag, layout_cave_pods, portal_sewer_entry_e,
          uniq_menkaure
D:5:      layout_basic, gammafunk_ghost_grave, nicolae_fountain_basement
D:6:      layout_loops_ring, chequers_temple_overflow_minitemple,
          minmay_temple_entry_trees, minmay_misc_feat_encased,
          minmay_ogre_servants
D:7:      layout_gridville, nicolae_overflow_hallway_of_the_gods
D:8:      cheibrodos_statue_roulette, layout_cave_pools, gammafunk_ghost_smash,
          enter_bailey_2, serial_shops, nicolae_take_the_stairs
D:9:      minmay_the_grid_octo_triangle [minmay_the_grid_octo_fan_narrow,
          minmay_the_grid_octo_prize_square_snowflake,
          minmay_the_grid_octo_thin_diamonds], layout_rooms, lair_entry_dummy,
          david_orc_4, ebering_ghost_disaster_area, minmay_misc_feat_chi,
          nicolae_letterblocks [nicolae_letter_subblock,
          nicolae_letter_subblock, nicolae_letter_subblock,
          nicolae_letter_subblock, nicolae_letter_subblock,
          nicolae_letter_subblock, nicolae_letter_subblock,
          nicolae_letter_subblock, nicolae_letter_subblock,
          nicolae_letter_subblock, nicolae_letter_subblock,
          nicolae_letter_subblock, nicolae_letter_subblock,
          nicolae_letter_subblock, nicolae_letter_subblock,
          nicolae_letter_subblock, nicolae_letter_subblock,
          nicolae_letter_subblock, nicolae_letter_subblock,
          nicolae_letter_subblock, nicolae_letter_subblock,
          nicolae_letter_subblock, nicolae_letter_subblock,
          nicolae_letter_subblock, nicolae_letter_subblock]
Temple:   minmay_freezing_vapour_temple

Skill      XL: |  1  2  3  4  5  6  7  8  9 10 |
---------------+-------------------------------+-----
Dodging        | 3 4 5 6 7 8 11 12 | 12.0
Fighting       | 2 3 5 6 |  6.0
Shapeshifting  | 5 7 8 10 13 | 13.0
Unarmed Combat | 4 |  4.6

Action                     |  1- 3 |  4- 6 |  7- 9 | 10-12 || total
---------------------------+-------+-------+-------+-------++-------
  Melee: Unarmed           |    99 |   112 |   457 |   167 ||   835
         Bite              |     8 |    13 |    63 |    27 ||   111
         Punch             |     2 |     7 |     1 |       ||    10
  Evoke: Wand              |       |       |     3 |       ||     3
    Use: Potion            |       |     1 |     2 |     4 ||     7
         Scroll            |       |       |     1 |       ||     1
   Stab: Sleeping          |     1 |     3 |     5 |       ||     9
         Distracted        |       |     1 |       |       ||     1
 Armour: Skin              |    20 |    36 |    97 |    35 ||   188
  Dodge: Dodged            |    78 |    76 |   443 |   198 ||   795
   Form: Flux              |       |       |     1 |       ||     1

Table legend: (Time is in decaauts)
 A = Elapsed time spent in this place.
 B = Non-inter-level travel time spent in this place.
 C = Inter-level travel time spent in this place.
 D = Time resting spent in this place.
 E = Time spent auto-exploring this place.
 F = Levels seen in this place.
 G = Mean time per level.
                   A        B        C        D        E       F      G
               +--------+--------+--------+--------+--------+-----+--------+
         Total |   8460 |   7778 |    682 |   2098 |   3154 |  11 |  769.1 |
       Dungeon |   8253 |   7571 |    682 |   2012 |   3154 |   9 |  917.0 |
        Temple |     87 |     87 |      0 |     86 |      0 |   1 |   87.0 |
         Sewer |    118 |    118 |      0 |      0 |      0 |   1 |  118.0 |
               +--------+--------+--------+--------+--------+-----+--------+

Top non-repeatable levels by time:
     D:7: 1898 daAuts
     D:6: 1194 daAuts
     D:4: 1187 daAuts
     D:8: 902 daAuts
     D:5: 809 daAuts
     D:3: 745 daAuts
     D:2: 733 daAuts
     D:1: 640 daAuts
     D:9: 141 daAuts
   Sewer: 118 daAuts
  Temple: 87 daAuts
